 Dungeon Crawl Stone Soup version 0.18.1-1-g2f07953 (webtiles) character file.

3 M4edhros the Grave Robber (level 1, 0/11 HPs)
             Began as an Octopode Necromancer on May 6, 2016.
             Slain by a giant gecko zombie (4 damage)
             ... on level 3 of the Dungeon.
             The game lasted 00:00:47 (161 turns).

M4edhros the Grave Robber (Octopode Necromancer)     Turns: 161, Time: 00:00:48

Health: 0/11       AC:  1    Str:  7    XL:     1   Next: 50%
Magic:  2/3        EV: 12    Int: 17    God:
Gold:   32         SH:  0    Dex: 12    Spells: 1 memorised, 3 levels left

rFire  . . .     SeeInvis .       - Unarmed
rCold  . . .     Gourm    .     (no shield)
rNeg   . . .     Faith    .     (helmet restricted)
rPois  .         Spirit   .     (no amulet)
rElec  .         Dismiss  .     (no ring)
rCorr  .         Reflect  .     (no ring)
SustAt .         Harm     .     (no ring)
MR     .....                    (no ring)
Stlth  +++.......               (no ring)
                                (no ring)
                                (no ring)
                                (no ring)

@: not resistant to hostile enchantments, fairly stealthy
A: almost no armour, amphibious, 8 rings, constrict 8, camouflage 1, gelatinous
body 1
a: no special abilities


You were on level 3 of the Dungeon.
You were not hungry.

You visited 1 branch of the dungeon, and saw 5 of its levels.

You collected 32 gold pieces.

Inventory:

Hand Weapons
 e - a +1 hunting sling of evasion
Scrolls
 f - a scroll of identify {unknown}
Potions
 c - a potion of berserk rage {unknown}
 d - a potion of curing {unknown}
Books
 a - a book of Necromancy

   Spells                             Type                      Level
   a - Pain                           Necromancy                   1
   b - Animate Skeleton               Necromancy                   1
   c - Vampiric Draining              Necromancy                   3
   d - Regeneration                   Charms/Necromancy            3
   e - Animate Dead                   Necromancy                   4
   f - Control Undead                 Necromancy                   4
Comestibles
 b - 2 bread rations


   Skills:
 - Level 2.0 Dodging
 - Level 2.6 Stealth
 + Level 1.0 Unarmed Combat
 - Level 2.0 Spellcasting
 - Level 4.0 Necromancy


You had 3 spell levels left.
You knew the following spells:

 Your Spells              Type           Power        Failure   Level  Hunger
a - Pain                  Necr           ###.         3%          1    #......


Dungeon Overview and Level Annotations

Branches:
Dungeon (5/15)
 Temple: D:4-7

Altars:
Nemelex Xobeh


Innate Abilities, Weirdness & Mutations

You cannot wear most types of armour.
You are amphibious.
You can wear up to eight rings at the same time.
You can use your tentacles to constrict eight enemies at once.
Your skin changes colour to match your surroundings (Stealth).
Your rubbery body absorbs attacks (AC +1).


Message History

The rat is severely wounded.
The rat bites you.
You tentacle-slap the rat.
You kill the rat!
Your Unarmed Combat skill increases to level 1!
f - a scroll labeled SEIMYIL DOATE You now have 32 gold pieces (gained 12).
Found a ruby potion.
You enter a teleport trap!
The teleport trap disappears.
Your surroundings suddenly seem different.
A giant gecko zombie comes into view.
Found a scroll labeled SEIMYIL DOATE.
Found a stone staircase leading up.
Found a ring mail.
Found a ring mail.
Found a stone staircase leading up.
The helpless giant gecko zombie fails to defend itself.
You tentacle-slap the giant gecko zombie.
You grab the giant gecko zombie. You constrict the giant gecko zombie.
The giant gecko zombie bites you.
You die...

### ..# ####.#
#....# ####
##....####..###..
###......[....<[.
#........?##..###.#
#.....Z@..........#
#.........##..#####
........####..#
..<.....# #..#
####..... .....
#########..## ...#
##... ####


You could see a giant gecko zombie.

Vanquished Creatures
  A giant cockroach (D:4)
  A giant newt (D:3)
  2 rats
4 creatures vanquished.

Notes
Turn   | Place    | Note
--------------------------------------------------------------
     0 | D:1      | M4edhros the Octopode Necromancer began the quest for the Orb.
     0 | D:1      | Reached XP level 1. HP: 11/11 MP: 3/3
    42 | D:2      | You fall through a shaft!
    80 | D:3      | Found a sparkling altar of Nemelex Xobeh.
    84 | D:3      | You fall through a shaft for 2 floors!
    84 | D:5      | Entered Level 5 of the Dungeon
   144 | D:3      | Reached skill level 1 in Unarmed Combat
   161 | D:3      | Slain by a giant gecko zombie

Skill      XL: |  1 |
---------------+----+-----
Unarmed Combat | 1 |  1.0
Dodging        | |  2.0
Stealth        | |  2.6
Spellcasting   | |  2.0
Necromancy     | |  4.0

Action                   || total
-------------------------++-------
Melee: Unarmed           ||     6
       Constrict         ||     2
       Tentacles         ||     1
 Cast: Pain              ||     3
 Stab: Sleeping          ||     2
Dodge: Dodged            ||     2
